Unix NetHack Version 5.0.0-0 post-release - last build May 31 2026 23:59:36 (970b52f25bf058293b47ddfd14a1e40e571c508c,branch:main).

Game began 2026-06-06 14:51:16, ended 2026-06-06 15:02:44.

Jobair, lawful female dwarven Archeologist

                                                  -----------
                                                  |.........|
                                                  |.........|
                                                  ....ud....|
                                                  |....@....|
                                                  |...r.....|
                                                  ---.-------
                                                     ##

Jobair the Field Worker    St:13 Dx:11 Co:11 In:16 Wi:16 Ch:8  Lawful
Dlvl:5  $:70 HP:0(33) Pw:16(16) AC:7  Xp:3 T:1907 

Latest messages:
 E - a tin opener.
 The pony kicks!
 The pony bites!
 The pony kicks!
 The pony bites!
 The pony kicks!
 The pony bites!
 You stop.  Godzilla is in the way!
 The pony kicks!
 The pony just misses!
 You hear a door open.
 The pony just misses!
 The pony bites!
 Godzilla bites the pony.
 The pony hits Godzilla.
 The pony bites Godzilla.
 Godzilla misses the rabid rat.
 The rabid rat bites!
 The rabid rat's bite was poisoned!
 You climb up the stairs.
 You hear bubbling water.
 You hear the footsteps of a guard on patrol.
 You are beginning to feel hungry.
 You are beginning to feel weak.
 What do you want to eat?
 You resume your meal.
 You finish eating the food ration.
 You descend the stairs.
 The pony kicks!
 The pony bites!
 The rabid rat bites!
 Godzilla misses the pony.
 The pony kicks!
 The pony bites!
 The rabid rat bites!
 Godzilla misses the pony.
 The pony kicks!
 The pony bites!
 Godzilla bites the pony.
 The pony misses Godzilla.
 The pony misses Godzilla.
 The pony kicks!
 The pony bites!
 The rabid rat bites!
 You die...
 Do you want your possessions identified? [ynq] (y) y
 Do you want to see your attributes? [ynq] (y) y
 Do you want an account of creatures vanquished? [ynaq] (y) y
 Do you want to see your conduct and achievements? [ynq] (y) y
 Do you want to see the dungeon overview? [ynq] (y) y

Inventory:
 Coins    ('$')
  $ - 70 gold pieces
 Weapons  (')')
  v - a +0 dagger
  j - a blessed +3 orcish dagger
  y - a blessed +2 bullwhip
  a - a +0 scimitar (weapon in right hand)
 Armor    ('[')
  c - an uncursed +0 fedora
  z - an uncursed +0 orcish helm (being worn)
  p - an uncursed fireproof +0 leather cloak (being worn)
  b - an uncursed +0 leather jacket (being worn)
 Comestibles  ('%')
  d - 3 uncursed food rations
  B - 2 uncursed eggs
 Scrolls  ('?')
  r - 2 uncursed scrolls of create monster
  k - an uncursed scroll of enchant armor
  D - an uncursed scroll of identify
  t - an uncursed scroll of remove curse
  q - an uncursed scroll of stinking cloud
 Potions  ('!')
  o - an uncursed potion of healing
  m - an uncursed potion of sickness
 Rings    ('=')
  w - an uncursed ring of searching
 Tools    ('(')
  h - an empty uncursed sack
  C - a bag of tricks (0:12)
  i - an uncursed oil lamp
  e - a +0 pick-axe (alternate weapon; not wielded)
  E - an uncursed tin opener
  f - a tinning kit (0:93)
 Gems/Stones  ('*')
  x - 2 uncursed worthless pieces of violet glass
  l - an uncursed worthless piece of white glass
  g - an uncursed touchstone

Jobair the Archeologist's attributes:

Background:
 You were a Field Worker, a level 3 female dwarven Archeologist.
 You were lawful, nominally on a mission for Quetzalcoatl
 who was opposed by Camaxtli (neutral) and Huhetotl (chaotic).
 You were right-handed.
 You were in the Dungeons of Doom, on level 5.
 You entered the dungeon 1907 turns ago.
 You had 75 experience points, 5 more were needed to attain level 4.

Basics:
 You had 0 out of 33 hit points.
 You had all 16 energy points (spell power).
 Your armor class was 7.
 Your wallet contained 70 zorkmids.
 Autopickup was off.

Final Characteristics:
 Your strength was 13 (limit:18/100).
 Your dexterity was 11 (limit:20).
 Your constitution was 11 (limit:20).
 Your intelligence was 16 (limit:16).
 Your wisdom was 16 (limit:16).
 Your charisma was 8 (limit:16).

Final Status:
 You weren't hungry.
 You were unencumbered.
 You were wielding a saber.
 You were unskilled in saber.

Final Attributes:
 You were devoutly aligned.
 You had automatic searching.
 You had infravision.
 You were warded.
 You are dead.

Miscellaneous:
 You didn't encounter any bones levels.
 Total elapsed playing time was 11 minutes and 26 seconds.

Major events:
 Turn
    1: Jobair the lawful female dwarven Archeologist entered the dungeon
  807: entered the Gnomish Mines
 1163: attained the rank of Field Worker (level 3)
 1907: killed by a rabid rat

You didn't know any spells.

Skills:
 Fighting Skills
   bare handed combat [Unskilled]
   two weapon combat  [Unskilled]
   riding             [Unskilled]
 Weapon Skills
   dagger             [Unskilled]
   knife              [Unskilled]
   pick-axe           [Basic]
   short sword        [Unskilled]
   saber              [Unskilled]
   club               [Unskilled]
   quarterstaff       [Unskilled]
   sling              [Unskilled]
   dart               [Unskilled]
   boomerang          [Unskilled]
   whip               [Basic]
   unicorn horn       [Unskilled]
 Spellcasting Skills
   attack spells      [Unskilled]
   healing spells     [Unskilled]
   divination spells  [Unskilled]
   matter spells      [Unskilled]

Voluntary challenges:
 Character rerolling was not enabled.
 You were an atheist.
 You never genocided any monsters.
 You never polymorphed an object.
 You never changed form.
 You used no wishes.
Achievements:
 You entered the Gnomish Mines.
 You attained the rank of Field Worker.

 The Dungeons of Doom: levels 1 to 5
    Level 1:
       A fountain.
    Level 2:
       Stairs down to The Gnomish Mines.
    Level 3:
       Many fountains.
    Level 4:
       Some fountains, a grave.
    Level 5: <- You were here.
       Final resting place for
          you, killed by a rabid rat.
 The Gnomish Mines:
    Level 3:


Vanquished creatures:
  a kobold leader
  a giant bat
  a wererat
 an acid blob
  a hobbit
  2 manes
  a hobgoblin
  a garter snake
  6 jackals
  3 foxes
  2 goblins
  3 sewer rats
  2 grid bugs
  a lichen
  a kobold zombie
  3 newts
30 creatures vanquished.

No species were genocided or became extinct.

Game over:
                       ----------
                      /          \
                     /    REST    \
                    /      IN      \
                   /     PEACE      \
                  /                  \
                  |      Jobair      |
                  |      70 Au       |
                  |   killed by a    |
                  |    rabid rat     |
                  |                  |
                  |                  |
                  |       2026       |
                 *|     *  *  *      | *
        _________)/\\_//(\/(/\)/\//\/|_)_______

Goodbye Jobair the Archeologist...

You died in The Dungeons of Doom on dungeon level 5 with 563 points,
and 70 pieces of gold, after 1907 moves.
You were level 3 with a maximum of 33 hit points when you died.

